[Event "83rd ESP-ch Women-ch 2018"]
[Site "Linares"]
[Date "2018.08.28"]
[Round "9"]
[White "Blazquez Gomez, Miguel"]
[Black "Rascon Jato, Daniel"]
[Result "1-0"]
[ECO "A01"]
[WhiteElo "1998"]
[BlackElo "1849"]
[Annotator "NA RC"]
[PlyCount "91"]
[EventDate "2018.08.09"]
[EventType "tourn"]
[EventCountry "ESP"]
[SourceTitle "playchess.com"]
[Source "ChessBase"]
[SourceQuality "1"]
[TimeControl "40/5400+30:1800+30"]

1. b3 e5 2. Bb2 f6 3. e4 d6 4. Bc4 Ne7 5. Nf3 Nbc6 6. h3 Na5 7. Be2 c5 8. c3 Nac6 {[%emt 0:03:35] [#]} 9. d4 $1 Qc7 (9... f5 $14) 10. O-O g6 (10... Ng6 $16 {was necessary.} 11. Na3 Nf4) 11. Na3 a6 12. Nc4 Ng8 (12... Bg7 $16 {is a better defense.} 13. Ba3 b6) 13. a4 Nh6 14. a5 Rb8 15. b4 Nf7 16. d5 Na7 17. Nb6 Be7 (17... cxb4 {was worth a try.} 18. Qa4+ (18. cxb4 Bd7 $16) 18... Bd7 19. Qxb4 (19. Nxd7 Qxd7 20. Qxb4 Qc7 $18) 19... Bh6 20. Nxd7 Kxd7) 18. Nd2 O-O 19. bxc5 Qxc5 20. Ba3 Qc7 21. c4 Bd7 22. Rc1 Nc8 23. Nxd7 Qxd7 24. Nb3 Na7 25. Qd3 b5 26. axb6 Rxb6 27. c5 dxc5 28. Bxc5 Bxc5 29. Nxc5 Qd6 30. Nxa6 Nb5 31. Rc6 Rxc6 32. dxc6 Nd4 33. Rc1 Nd8 34. c7 N8c6 35. Qc4+ Kg7 36. Bg4 f5 37. exf5 gxf5 38. Bxf5 Qa3 39. Kh2 Qb2 40. Rc3 Qxf2 41. Rg3+ Kf6 42. c8=Q Rxc8 43. Bxc8 Qf4 44. Qg8 $18 Ke7 45. Qxh7+ Kd6 46. Qd7# {Ke7} 1-0

[Event "83rd ESP-ch Women-ch 2018"]
[Site "Linares"]
[Date "2018.08.28"]
[Round "9"]
[White "Diaz Rodriguez, Jose Antonio"]
[Black "De la Pena Garcia, Blanca"]
[Result "0-1"]
[ECO "B50"]
[WhiteElo "1991"]
[BlackElo "1811"]
[Annotator "NA RC"]
[PlyCount "52"]
[EventDate "2018.08.09"]
[EventType "tourn"]
[EventCountry "ESP"]
[SourceTitle "playchess.com"]
[Source "ChessBase"]
[SourceQuality "1"]
[TimeControl "40/5400+30:1800+30"]

1. e4 c5 2. Nf3 d6 3. c3 Nf6 4. h3 g6 5. Bc4 {[%emt 0:02:28] B50: Sicilian: 2...d6, Miscellaneous} Bg7 6. O-O O-O 7. Qe2 Nc6 8. a4 $146 ({Predecessor:} 8. d3 Nd7 9. Be3 Na5 10. Bb5 a6 11. Ba4 b5 12. Bc2 {½-½ (40) Mammadov,Z (2442)-Mchedlishvili,M (2652) Baku 2012}) 8... a6 9. Re1 Nd7 10. Na3 b6 11. Nc2 Bb7 12. d4 cxd4 13. cxd4 e5 14. Bd5 (14. Bg5 $14 Qc7 15. Rac1) 14... Nxd4 15. Nfxd4 (15. Ncxd4 $15 Bxd5 16. exd5 exd4 17. Bg5) 15... Bxd5 16. exd5 exd4 17. Nb4 Nc5 18. Bf4 Qf6 19. Bg3 a5 20. Nc6 d3 21. Qd1 (21. Qf3 $142 Rfe8 22. Qxf6 Bxf6 23. Rf1) 21... Rfe8 22. Rxe8+ Rxe8 23. Rb1 Bh6 24. b4 axb4 $19 25. Nxb4 d2 26. Nc2 Nxa4 0-1

[Event "83rd ESP-ch Women-ch 2018"]
[Site "Linares"]
[Date "2018.08.28"]
[Round "9"]
[White "Antunez Munoz, Ines"]
[Black "Arroyo Rodriguez, Jesus"]
[Result "0-1"]
[ECO "B31"]
[WhiteElo "1956"]
[BlackElo "2099"]
[Annotator "NA RC"]
[PlyCount "112"]
[EventDate "2018.08.09"]
[EventType "tourn"]
[EventCountry "ESP"]
[SourceTitle "playchess.com"]
[Source "ChessBase"]
[SourceQuality "1"]
[TimeControl "40/5400+30:1800+30"]

1. e4 c5 2. Nf3 Nc6 3. Bb5 g6 4. O-O Bg7 5. Bxc6 dxc6 6. d3 {[%emt 0:02:56] LiveBook: 350 Partien} Nf6 7. Nc3 O-O {[%emt 0:00:08] B31: Sicilian: 2...Nc6 3 Bb5 g6} 8. Bg5 (8. a4 a5 9. h3 b6 10. Be3 Ne8 11. Qd2 e5 12. Bh6 f6 13. Nh2 Ra7 14. Kh1 g5 15. Bxg7 Nxg7 16. Ne2 h5 17. h4 Ne6 18. g3 f5 19. exf5 Rxf5 20. hxg5 Nxg5 {½-½ (29) Negi,P (2670)-Frhat,A (2402) Khanty-Mansiysk 2017}) 8... h6 9. Be3 b6 10. h3 Qc7 $146 ({Predecessor:} 10... Nd7 11. Qd2 Kh7 12. e5 Nxe5 13. Nxe5 Bxe5 14. Bxh6 Rh8 15. Bf4 {½-½ (89) Nieto,G (1907)-Munoz,J (2181) Bogota 2012}) 11. Qd2 g5 12. Ne2 Rd8 13. Ng3 c4 14. d4 c5 15. c3 Qb7 16. Qc2 g4 17. hxg4 Nxg4 18. Rad1 Nxe3 19. fxe3 Bg4 20. Qf2 e6 (20... Rf8 $16) 21. Rd2 f5 22. Nh2 Rf8 23. Qf4 h5 24. Nxg4 fxg4 25. Qg5 cxd4 26. exd4 Rxf1+ 27. Kxf1 Rf8+ 28. Rf2 Rxf2+ 29. Kxf2 Qf7+ 30. Ke2 h4 31. Qxh4 Qg6 32. Qh5 Kf7 33. Qb5 Bh6 34. Qd7+ Kg8 35. Qc8+ ({Not} 35. Qxa7 Qg5 $16) 35... Kf7 36. Qc7+ ({Weaker is} 36. Qxc4 Qg5 $16) 36... Kg8 37. Qxc4 Bf4 38. Qc8+ Kg7 39. Qd7+ Kh6 40. Nf1 Qxe4+ 41. Kd1 Qb1+ 42. Ke2 Qxb2+ 43. Kd1 Qc1+ 44. Ke2 Qc2+ 45. Ke1 Qxc3+ 46. Kd1 Qa1+ 47. Ke2 Qxa2+ 48. Ke1 g3 49. Qb5 Qa5+ 50. Qxa5 bxa5 51. Ke2 Kg5 52. Kd3 Kf5 53. Kc4 Ke4 54. Kc3 a4 55. Kb4 Kxd4 56. Kxa4 Kd3 0-1

[Event "83rd ESP-ch Women-ch 2018"]
[Site "Linares"]
[Date "2018.08.28"]
[Round "9"]
[White "Ortin Blanco, Ainhoa"]
[Black "Gil Quilez, Sonia"]
[Result "1-0"]
[ECO "D05"]
[WhiteElo "1951"]
[BlackElo "2066"]
[Annotator "NA RC"]
[PlyCount "173"]
[EventDate "2018.08.09"]
[EventType "tourn"]
[EventCountry "ESP"]
[SourceTitle "playchess.com"]
[Source "ChessBase"]
[SourceQuality "1"]
[TimeControl "40/5400+30:1800+30"]

1. d4 d5 2. Nf3 Nf6 3. e3 e6 4. Bd3 c5 5. b3 cxd4 6. exd4 Nc6 7. O-O h6 {[%emt 0:01:39] D05: Damenbauernspiele (Colle-Aufbau)} (7... Be7 8. Bb2 O-O 9. Nbd2 b6 10. a3 Bb7 11. Qe2 Rc8 12. Rfe1 Rc7 13. Rac1 Qa8 14. Ng5 h6 15. Ngf3 Rd8 16. b4 Bf8 17. Ne5 a5 18. c3 Nxe5 19. dxe5 Ne4 {1-0 (82) Markus,R (2649)-Jovanovic,Z (2526) Hungary 2016}) 8. a3 Bd6 9. Bb2 O-O 10. Re1 b6 $146 ({Vorgänger:} 10... Ne8 11. c4 Bc7 12. Nc3 a6 13. Bc2 f5 14. cxd5 exd5 15. b4 Nf6 {1-0 (34) Corkett,A (2314)-Morris,C (2225) West Bromwich 2003}) 11. Nbd2 Bb7 12. h3 a5 13. Ne5 Ne7 14. Qe2 Rc8 15. Rac1 Nf5 16. Qf3 Nh4 17. Qe2 Bb8 18. c3 Nf5 19. Bb1 Nd7 20. b4 Nd6 21. b5 Nxe5 22. dxe5 Nc4 23. Nxc4 dxc4 24. a4 Qg5 25. Qg4 Qxg4 26. hxg4 Rfd8 27. Ba3 Rd2 28. Re3 Rcd8 29. Rce1 R8d7 30. Bc1 Rd1 31. Bc2 Rxe1+ 32. Rxe1 Bc7 33. f4 Bd8 34. Be3 Kf8 35. Kf2 Ke8 36. Rd1 Rxd1 37. Bxd1 Be4 38. Bd4 Kd7 39. g3 Kc7 40. Ke3 Bb1 41. Be2 Ba2 42. Kd2 Be7 43. Bd1 Ba3 44. Bc2 Be7 45. f5 (45. Bh7 $14) 45... Ba3 46. Be3 Bf8 {[%emt 0:01:29] [#]} 47. Bf4 (47. f6 $1 $16) 47... Kd7 {[%emt 0:01:18] [#]} (47... Bb3 $14) 48. Ke3 $2 ({Der einzige Zug:} 48. f6 $1 $18) 48... Ba3 49. Ke2 Bf8 50. Bc1 Kc7 51. Kf3 Bc5 52. Kf4 Be7 53. Ke4 Bc5 54. Bf4 Bf8 55. g5 hxg5 56. Bxg5 Ba3 57. g4 Bb2 58. Bd2 Ba3 59. Ke3 Be7 ({Black should try} 59... Bc5+ $11 60. Ke2 Bb3) 60. Ke2 Bh4 61. Bf4 Kd7 62. Kd2 Be7 (62... exf5 $1 $14 63. gxf5 (63. Bxf5+ Kd8 $11) 63... Be7) 63. g5 exf5 64. Bxf5+ Ke8 65. Be3 Bd8 {[%emt 0:00:19] [#]} (65... Bb3 $11 {bleibt in der Remisbreite.}) 66. g6 (66. Bc2 $1 $16) 66... fxg6 67. Bxg6+ Kd7 $1 68. Bf5+ Kc7 $1 69. Bf4 Be7 70. e6+ Kd8 71. Be3 Kc7 72. Bd4 Bb3 73. Bc2 Bxc2 74. Kxc2 Bd8 $2 (74... Bf6 $11 75. e7 Bxe7) 75. Be5+ Kc8 76. Bxg7 Be7 77. Kd2 Kd8 78. Bd4 Kc7 79. Ke2 Bd8 80. Be5+ Kc8 81. Kf3 Be7 82. Ke4 Kd8 83. Kd5 Ke8 84. Kxc4 Bc5 85. Bf6 Bd6 86. Kd5 Bg3 87. Ke4 1-0

[Event "83rd ESP-ch Women-ch 2018"]
[Site "Linares"]
[Date "2018.08.28"]
[Round "9"]
[White "Serrano Garcia, Luis"]
[Black "Samuel Lares, Jairo"]
[Result "0-1"]
[ECO "B24"]
[WhiteElo "1915"]
[BlackElo "2006"]
[Annotator "NA RC"]
[PlyCount "56"]
[EventDate "2018.08.09"]
[EventType "tourn"]
[EventCountry "ESP"]
[SourceTitle "playchess.com"]
[Source "ChessBase"]
[SourceQuality "1"]
[TimeControl "40/5400+30:1800+30"]

1. e4 c5 2. Nc3 Nc6 3. Bb5 Nd4 4. Bc4 g6 5. Nf3 Bg7 6. Nxd4 cxd4 7. Qf3 Nh6 8. d3 O-O 9. Ne2 Ng4 {[%emt 0:03:03] B23: Closed Sicilian: Lines without g3} 10. Bb3 ({Much weaker is} 10. Qxg4 d5 $15) 10... Ne5 (10... d6 $11 11. Qg3 Qa5+ 12. Bd2 Qe5 13. Nf4 Nf6 14. h4 Nh5 15. Nxh5 Qxh5 16. Bg5 Be5 17. f4 {1-0 (30) Martinez Duany,L (2509)-Kurayan,R (2374) Rochefort 2018}) 11. Qg3 Nc6 {[%emt 0:05:15] LiveBook: 10 Games} 12. h4 e6 {[%emt 0:07:01] [#]} (12... Na5 $16 {keeps fighting.}) 13. h5 $1 Qe7 14. hxg6 $146 ({Predecessor:} 14. Bf4 Re8 15. Qh2 g5 16. h6 Bf6 17. Qg3 Kh8 18. Bd6 Qd8 19. Bc7 Qe7 20. e5 Qb4+ 21. c3 {1-0 (21) Daulyte,D (2378)-Moskow,E (2127) Auckland 2016}) 14... fxg6 15. Bg5 Qf7 16. Qh4 Bh8 17. Rh3 Na5 18. Bh6 ({Better is} 18. f4 $18) 18... Bf6 19. Qf4 Nxb3 20. axb3 e5 21. Qh2 d5 22. Bxf8 Bxh3 23. Bh6 Be6 24. f3 a6 25. O-O-O Rc8 26. g4 dxe4 27. fxe4 Bxb3 28. Rd2 $19 Bg5 0-1

[Event "83rd ESP-ch Women-ch 2018"]
[Site "Linares"]
[Date "2018.08.28"]
[Round "9"]
[White "Gonzalez del Campo, Diego"]
[Black "Sobrino Forte, Alvaro"]
[Result "0-1"]
[ECO "A48"]
[WhiteElo "1893"]
[BlackElo "1984"]
[Annotator "NA RC"]
[PlyCount "90"]
[EventDate "2018.08.09"]
[EventType "tourn"]
[EventCountry "ESP"]
[SourceTitle "playchess.com"]
[Source "ChessBase"]
[SourceQuality "1"]
[TimeControl "40/5400+30:1800+30"]

1. d4 Nf6 2. Nf3 g6 3. Bf4 d6 4. e3 Bg7 5. h3 O-O 6. Be2 Nfd7 7. O-O Nc6 8. c4 e5 9. Bh2 f5 {[%emt 0:02:16] A48: 1 d4 Nf6 2 Nf3 g6: Torre, London and Colle Systems} 10. Nc3 {[%emt 0:05:26] LiveBook: 67 Games} e4 11. Ne1 Nf6 12. Nc2 Qe7 $146 ({Predecessor:} 12... Ne7 13. b4 g5 14. f3 exf3 15. Bxf3 g4 16. hxg4 fxg4 {0-1 (48) Kayumov,S (2505)-Mchedlishvili,M (2601) Doha 2016}) 13. b4 Kh8 14. b5 Nd8 15. Nb4 c6 16. Rc1 Ne8 17. a4 g5 18. Re1 d5 19. Nbxd5 ({Stronger than} 19. cxd5 Qxb4 20. bxc6 bxc6 $17) 19... cxd5 20. Nxd5 Qd7 21. Qb3 Ne6 22. c5 f4 $1 23. Bg4 (23. b6 $11 {remains equal.}) 23... Qf7 24. Nb4 h5 25. Bxe6 Bxe6 26. d5 Bf5 27. Qd1 $19 (27. exf4 $11 {und Weiss steht sicher.} Bg6 28. fxg5 Qxf2+ 29. Kh1) 27... f3 28. gxf3 Bxh3 29. Rc2 exf3 30. Rc4 Bg2 31. e4 Qd7 32. e5 Qh3 33. Re3 g4 34. Nd3 Bh6 35. Ree4 g3 36. fxg3 f2+ 37. Nxf2 Rxf2 38. Rh4 Qf5 39. Rcf4 Rxf4 40. gxf4 Be4 41. Qxh5 Qxh5 42. Rxh5 Kg7 43. e6 Nf6 44. Re5 Bxd5 45. Kf2 Ng4+ 0-1